 Dungeon Crawl Stone Soup version 0.29-a0-486-ga88943ba61 (console) character file.

Game seed: 8048761900558445992

5378 Faeu the Unseen (level 10, -19/53 HPs)
             Began as a Vampire Gladiator on May 26, 2022.
             Shot with an arrow by a centaur warrior (27 damage)
             ... on level 9 of the Dungeon.
             The game lasted 00:37:33 (6894 turns).

Faeu the Unseen (Vampire Gladiator)                 Turns: 6894, Time: 00:37:33

Health: -19/53     AC:  2    Str: 13    XL:     10   Next: 39%
Magic:  10/10      EV: 17    Int: 17    God:
Gold:   283        SH:  0    Dex: 20    Spells: 7/9 levels left

rFire   + . .      SeeInvis +   H - +12 pair of quick blades {protect, shortrare=g}
rCold   + + .      Faith    .   (shield currently unavailable)
rNeg    + + +      Spirit   .   r - +0 robe
rPois   ∞          Reflect  .   (no helmet)
rElec   .          Harm     .   (no cloak)
rCorr   .          Rampage  .   (no gloves)
Will    +....                   (no boots)
Stlth   +++++++++.              (no amulet)
HPRegen 0.00/turn               b - +6 ring of intelligence
MPRegen 0.12/turn               q - ring of protection from fire

@: bloodless, inhibited regen
A: bloodless, fangs 3, see invisible, vampiric 2
a: Bat Form, Revivify


You were on level 9 of the Dungeon.
You visited 1 branch of the dungeon, and saw 8 of its levels.

You collected 283 gold pieces.


Innate Abilities, Weirdness & Mutations

You do not regenerate when monsters are visible.
You are frail without blood (-20% HP).
You can heal yourself when you bite living creatures.
You are immune to poison.
You have razor-sharp teeth.
You have supernaturally acute eyesight. (SInv)
You are afflicted with vampirism and can become a bat while bloodless.


   Skills:
 - Level 1.7 Fighting
 - Level 8.0 Short Blades
 - Level 1.5 Throwing
 + Level 7.5 Dodging
 + Level 17.4 Stealth
 + Level 7.0 Hexes


You had 7 spell levels left.
You knew the following spells:

 Your Spells              Type           Power      Damage    Failure   Level
a - Poisonous Vapours     Pois/Air       0%         N/A       34%         2

Your spell library contained the following spells:

 Spells                   Type           Power      Damage    Failure   Level
 Gell's Gravitas          Tloc           0%         N/A       56%         3
 Lesser Beckoning         Tloc           0%         N/A       56%         3
 Teleport Other           Tloc           0%         N/A       56%         3
 Corpse Rot               Necr/Pois/Air  0%         N/A       93%         4
 Dispersal                Tloc           0%         N/A       100%        6

Inventory:

Hand Weapons
 F - a +0 hand axe of flaming {axe}
   (You took it off an orc on level 8 of the Dungeon)
 H - the +12 pair of quick blades "Gyre" and "Gimble" (weapon) {protect, shortrare=g}
   (You found it on level 3 of the Dungeon)

   It grants its wielder temporary protection when it strikes (+7 to AC).
 T - the +10 falchion of Gallantry {venom, rElec rC+, long}
   (You found it on level 5 of the Dungeon)

   It poisons the flesh of those it strikes.
   rC:        It protects you from cold.
   rElec:     It insulates you from electricity.
Missiles
 d - 2 throwing nets (quivered) {=f!fthrowing}
 e - a javelin {throwing}
 g - a curare-tipped dart {=fthrowing}
 u - 362 stones {throwing}
 w - 2 boomerangs {throwing}
 P - 20 poisoned darts {throwing}
 V - 3 atropa-tipped darts {throwing}
Armour
 p - a +0 pair of gloves
   (You found it on level 8 of the Dungeon)
 r - a +0 robe (worn)
   (You took it off an orc wizard on level 8 of the Dungeon)
 x - a +0 leather armour
   (You took it off an orc on level 5 of the Dungeon)
 y - a +0 ring mail
   (You took it off an orc on level 9 of the Dungeon)
 I - a +0 robe
   (You found it on level 9 of the Dungeon)
 J - a +0 robe
   (You took it off a wight on level 9 of the Dungeon)
 N - a +0 robe
   (You took it off a wight on level 9 of the Dungeon)
 R - a +0 robe
   (You took it off a wight on level 9 of the Dungeon)
 S - a +0 robe
   (You took it off a wight on level 9 of the Dungeon)
 W - a +0 plate armour
   (You took it off an orc warrior on level 9 of the Dungeon)
 Y - a +0 robe
   (You took it off an orc wizard on level 9 of the Dungeon)
 Z - a +0 animal skin
   (You took it off an orc warrior on level 9 of the Dungeon)
Jewellery
 b - a +6 ring of intelligence (left hand)
   (You found it on level 5 of the Dungeon)
 q - a ring of protection from fire (right hand)
   (You found it on level 8 of the Dungeon)
Wands
 a - a wand of paralysis (21)
   (You took it off a kobold brigand on level 8 of the Dungeon)
 l - a wand of acid (4)
   (You took it off Ijyb on level 5 of the Dungeon)
 L - a wand of flame (50)
   (You found it on level 4 of the Dungeon)
 M - a wand of digging (4)
   (You took it off a kobold on level 8 of the Dungeon)
 Q - a wand of iceblast (7)
   (You took it off a kobold on level 8 of the Dungeon)
 X - a wand of polymorph (5)
   (You found it on level 5 of the Dungeon)
Scrolls
 c - a scroll of acquirement {unknown}
 h - 5 scrolls of fog {unknown}
 i - 8 scrolls of teleportation {unknown}
 j - a scroll of silence {unknown}
 m - 11 scrolls of identify {unknown}
 n - 2 scrolls of enchant weapon {unknown}
 o - a scroll of amnesia {unknown}
 s - 2 scrolls of noise {unknown}
 z - 2 scrolls of torment {unknown}
 E - 3 scrolls of immolation {unknown}
 G - a scroll of brand weapon {unknown}
 K - 2 scrolls of blinking {unknown}
 U - a scroll of fear {unknown}
Potions
 f - 4 potions of attraction {unknown}
 k - 3 potions of lignification {unknown}
 t - 3 potions of flight {unknown}
 v - 3 potions of curing {unknown}
 A - a potion of brilliance {unknown}
 B - a potion of heal wounds {unknown}
 C - a potion of degeneration {unknown}
 D - 4 potions of mutation {unknown}
 O - a potion of might {unknown}

Dungeon Overview and Level Annotations

Branches:
Dungeon (9/15)             Temple (0/1) D:6
   Lair: D:8-11         Orc: D:9-12

Altars:
Ashenzari
Trog
Vehumet

Shops:
D:9 (

Annotations:
D:2 1 runed translucent door, Crazy Yiuf

#..# #.# #...###..## ##..
##..####.# #.###.'...# h#..
.........# ###..)##..## ##.K##.
###......####.....c#...#+#.... #.
#..###.##.....#..##..#.....###.
#..# #<###..###...#......###...
#..# #.# #...###c.##...###.....
#..# #.# ##..#.....#.###.......
#..# #.# #......#####.).......
#..# #.# ##...###.#...##......
#..# #.#####.#@#...##...#.)....
###..###.....###......'.###......
.........####..##..#..###...#....
.........# #..##......#...##....
.........# #..###...###..###...#
.....###.# #..# #.###....# #...#
.....# #.# #..# ###......# #...#
.....# #.# #..# #........# #...#
.....# #.# #..# #......).# #...#
.....# #.# #..# #).......# #...#
.....# #.# #..# #))......# #...#


You could see a centaur warrior.


Message History

There is an open door here.
A yak, a cyclops and an orc priest come into view. 😎 HP[+1]
A howler monkey and a kobold brigand come into view.
The kobold brigand is wielding a +0 club and quivering curare-tipped darts.
There is an open door here.
You see here a killer bee corpse.
There is an open door here.
There is an open door here.
There is an open door, spattered with blood here.
You see here a +0 dagger {short}.
m - 10 scrolls labelled LOACHO QIFOL (gained 1)
m - 11 scrolls labelled LOACHO QIFOL (gained 1)
Found a bloodstained altar of Trog.
An orc warrior comes into view. It is wielding a +0 war axe.
There is a bloodstained altar of Trog here.
The helpless orc warrior fails to defend itself.
You bite the orc warrior, and draw its blood!
You perforate the orc warrior like a sieve!!!!
Your weapon exudes an aura of protection.
You kill the orc warrior!
Z - a +0 animal skin
Things that are here:
a +0 war axe {axe}; an orc corpse Unknown command.
You start removing your armour.
You continue taking off your +0 leather armour. x4
You finish taking off your +0 leather armour.
You start putting on your armour.
You continue putting on your +0 robe. x5
You finish putting on your +0 robe.
Unknown command.
Okay, then.
Unknown command.
Unknown command.
Casting: Poisonous Vapours (dangerous; 34% risk of failure)
Confirm with . or Enter, or press ? or * to list all spells.
Okay, then.
Unknown command.
A scorpion comes into view.
There is an open door here. 2 iguanas come into view.
The helpless scorpion fails to defend itself.
You stick the scorpion like a pincushion!!!!
Your weapon exudes an aura of protection.
You kill the scorpion!
The iguana hisses angrily. x2
You puncture the iguana!
Your weapon exudes an aura of protection.
You puncture the iguana!
You kill the iguana!
You see here a scorpion corpse.
You hit the iguana. You puncture the iguana!
You kill the iguana!
You see here a scorpion corpse.
There is an open door here.
There is a stone staircase leading down here.
There is an entrance to Isube's Antique Weapon Boutique here.
The howler monkey howls!
You puncture the howler monkey!
Your weapon exudes an aura of protection.
You barely miss the howler monkey. The howler monkey hits you. 😕 HP[-3]
You take 3 damage, and now have 50/53 hp.
You hit the howler monkey. x2
You kill the howler monkey!
Your Hexes skill increases to level 7!
You see here a howler monkey corpse. 😕 HP[+1] 😕 HP[+1] 😎 HP[+1]
There is an escape hatch in the ceiling here.
You see here a +2 short sword of venom {short}.
You see here a +0 mace {mace}.
You see here a +0 flail {mace}.
You see here a +0 trident {polearm}.
There is an open door, spattered with blood here.
You see here a +0 dagger {short}.
There is an open door here.
There is an open door here.
Things that are here:
a +0 club {mace}; a kobold skeleton
There is an open door here.
The orc priest shouts!
The cyclops shouts!
The yak bellows!
The cyclops throws a large rock.
The large rock hits you!!
Ouch! That really hurt!
* * * LOW HITPOINT WARNING * * *
A centaur warrior comes into view. 😨 HP[-33]
You take 33 damage, and now have 20/53 hp.
MASSIVE DAMAGE!! (PAUSE)
There is an open door here.
Things that are here:
a +0 club {mace}; a kobold skeleton 😨 HP[+1]
The centaur warrior wields a +2 shortbow of flaming.
It bursts into flame!
The centaur warrior shoots an arrow.
The arrow hits you!
* * * LOW HITPOINT WARNING * * *
The centaur warrior shoots an arrow.
The arrow hits you!!
Ouch! That really hurt!
You die...

Skill      XL: |  1  2  3  4  5  6  7  8  9 10 |
---------------+-------------------------------+-----
Hexes          | 1 2 4 5 6 7 |  7.0
Short Blades   | 4 5 7 8 |  8.0
Dodging        | 4 5 6 7 |  7.5
Stealth        | 4 11 16 17 | 17.4
Fighting       | |  1.7
Throwing       | |  1.5

Action                   |  1- 3 |  4- 6 |  7- 9 | 10-12 || total
-------------------------+-------+-------+-------+-------++-------
Melee: Rapier            |    71 |    88 |       |       ||   159
       Bite              |    12 |    12 |    15 |     8 ||    47
       Punch             |       |     2 |       |       ||     2
       Pair of quick bla |       |    20 |   160 |    62 ||   242
Throw: Throwing net      |       |     2 |       |       ||     2
 Abil: Exsanguinate      |       |       |     1 |       ||     1
 Stab: Sleeping          |     4 |     3 |    12 |     3 ||    22
       Held in net/web   |       |     2 |       |       ||     2
       Distracted        |       |       |     4 |     1 ||     5
Armor: Leather armour    |    17 |    20 |    14 |     4 ||    55
       Chain mail        |       |     5 |     8 |       ||    13
Dodge: Dodged            |    43 |    47 |    39 |    21 ||   150

Levels and vault maps discovered:
D:1:      saegor_arrival_simple_a, layout_loops_corners,
          chequers_ecumenical_altar_lobes
D:2:      layout_loops_ring, minmay_misc_feat_tower, uniq_crazy_yiuf_cottage
D:3:      layout_loops_ring, evilmike_ruin_ashenzari, kennysheep_big_empty_room,
          minmay_crystal_room, uniq_sigmund
D:4:      layout_basic
D:5:      layout_loops_corners, grunt_ministairs_4,
          chequers_serial_rivers_room_b, minivault_25, uniq_duvessa, uniq_ijyb
D:6:      layout_loops_ring, beargit_hepliaklqana_dungeon_heroes,
          overflow_temple_1_default, vehumet_altar_wand_db,
          minmay_temple_entry_slanted, minivault_5
D:8:      layout_loops_ring
D:9:      minmay_slanted_spiral_squares, layout_long_grid, trog_butcher_becter,
          serial_shops, nicolae_stop_n_shop_1, minmay_misc_feat_four_crosses

Notes
Turn   | Place    | Note
-------+----------+-------------------------------------------
     0 | D:1      | Faeu the Vampire Gladiator began the quest for the Orb.
     0 | D:1      | Reached XP level 1. HP: 16/16 MP: 1/1
     0 | D:1      | magus.rc [v1.9.6]
   122 | D:1      | Reached skill level 1 in Hexes
   142 | D:1      | Reached XP level 2. HP: 22/22 MP: 2/2
   239 | D:1      | Reached skill level 2 in Hexes
   363 | D:1      | Gained mutation: You are afflicted with vampirism and can
                  | become a bat while bloodless. [Vampire growth]
   363 | D:1      | Reached XP level 3. HP: 27/27 MP: 3/3
   377 | D:1      | Found a faded altar of an unknown god.
   969 | D:2      | Reached skill level 4 in Short Blades
   969 | D:2      | Reached skill level 4 in Dodging
   969 | D:2      | Reached XP level 4. HP: 12/33 MP: 4/4
  1050 | D:2      | Reached skill level 3 in Hexes
  1463 | D:2      | You pick up a book of Displacement and begin reading...
  1463 | D:2      | You add the spells Lesser Beckoning, Gell's Gravitas and
                  | Teleport Other to your library.
  1625 | D:2      | Found a runed translucent door.
  1626 | D:2      | Noticed Crazy Yiuf
  1876 | D:3      | Found a broken altar of Ashenzari.
  1876 | D:3      | Noticed Sigmund
  1884 | D:3      | Killed Sigmund
  1885 | D:3      | Reached skill level 5 in Short Blades
  1885 | D:3      | Reached skill level 5 in Dodging
  1885 | D:3      | Reached skill level 4 in Hexes
  1885 | D:3      | Reached XP level 5. HP: 38/38 MP: 5/5
  1885 | D:3      | Reached XP level 6. HP: 44/44 MP: 6/6
  2510 | D:3      | Found the +12 pair of quick blades "Gyre" and "Gimble"
                  | {protect}
  2516 | D:3      | H - the +12 pair of quick blades "Gyre" and "Gimble"
                  | {protect, shortrare=g}
  2517 | D:3      | the +12 pair of quick blades "Gyre" and "Gimble" {protect,
                  | shortrare=g} hums with potential!
  2517 | D:3      | H - the +12 pair of quick blades "Gyre" and "Gimble"
                  | (weapon) {protect, shortrare=g}
  3106 | D:5      | Entered Level 5 of the Dungeon
  3111 | D:5      | Reached skill level 5 in Hexes
  3117 | D:5      | Noticed Duvessa
  3129 | D:5      | Killed Duvessa
  3130 | D:5      | Reached XP level 7. HP: 49/49 MP: 7/7
  3151 | D:5      | Reached skill level 6 in Hexes
  3164 | D:5      | Noticed Dowan
  3176 | D:5      | Killed Dowan
  3177 | D:5      | Reached skill level 6 in Short Blades
  3177 | D:5      | Reached skill level 6 in Dodging
  3247 | D:5      | Identified the +10 falchion of Gallantry {venom, rElec rC+}
  3329 | D:5      | Reached skill level 2 in Stealth
  3585 | D:5      | Reached skill level 3 in Stealth
  3637 | D:5      | Noticed Ijyb
  3644 | D:5      | Killed Ijyb
  3895 | D:5      | Reached skill level 4 in Stealth
  4170 | D:5      | Reached skill level 7 in Short Blades
  4170 | D:5      | Reached XP level 8. HP: 55/55 MP: 8/8
  4316 | D:6      | Reached skill level 5 in Stealth
  4356 | D:6      | Found a radiant altar of Vehumet.
  4379 | D:6      | Noticed a two-headed ogre
  4500 | D:6      | Found a staircase to the Ecumenical Temple.
  4502 | D:6      | HP: 11/44 [two-headed ogre/+0 giant club (27)]
  4505 | D:6      | Killed a two-headed ogre
  4506 | D:6      | Reached skill level 8 in Short Blades
  4506 | D:6      | Reached skill level 9 in Stealth
  4676 | D:6      | You pick up a book of Vapours and begin reading...
  4676 | D:6      | You add the spells Poisonous Vapours and Corpse Rot to your
                  | library.
  4698 | D:6      | Reached skill level 10 in Stealth
  4887 | D:6      | You fall into a shaft and drop 2 floors!
  5021 | D:8      | Reached skill level 11 in Stealth
  5021 | D:8      | Reached XP level 9. HP: 48/48 MP: 9/9
  5279 | D:8      | Reached skill level 12 in Stealth
  5345 | D:8      | Reached skill level 13 in Stealth
  5617 | D:8      | Reached skill level 14 in Stealth
  5624 | D:8      | Reached skill level 15 in Stealth
  5762 | D:9      | Noticed a komodo dragon
  5764 | D:9      | Killed a komodo dragon
  5795 | D:9      | Found Isube's Antique Weapon Boutique.
  5826 | D:9      | Reached skill level 16 in Stealth
  6038 | D:9      | Reached XP level 10. HP: 53/53 MP: 10/10
  6336 | D:9      | Reached skill level 7 in Dodging
  6336 | D:9      | Reached skill level 17 in Stealth
  6520 | D:9      | Learned a level 2 spell: Poisonous Vapours
  6536 | D:9      | Noticed a cyclops
  6732 | D:9      | Found a bloodstained altar of Trog.
  6788 | D:9      | Reached skill level 7 in Hexes
  6885 | D:9      | Noticed a centaur warrior
  6894 | D:9      | HP: 8/53 [centaur warrior/arrow (13)]
  6894 | D:9      | Shot with an arrow by a centaur warrior

Vanquished Creatures
  A two-headed ogre (D:6)
  A komodo dragon (D:9)
  Sigmund (D:3)
  4 yaks
  A steam dragon (D:9)
  A water moccasin (D:5)
  Duvessa (D:5)
  3 orc warriors
  An ogre (D:5)
  3 centaurs
  A phantom (D:5)
  4 kobold brigands
  3 bullfrogs
  A scorpion (D:9)
  4 wights (D:9)
  Dowan (D:5)
  28 killer bees
  3 howler monkeys (D:9)
  A jelly (D:5)
  5 orc priests
  2 hounds (D:5)
  Ijyb (D:5)
  6 iguanas
  4 orc wizards
  2 gnolls
  4 adders
  4 white imps
  An ufetubus (D:6)
  2 worms
  A dart slug (D:4)
  16 orcs
  4 ball pythons
  6 bats
  7 endoplasms
  4 giant cockroaches
  6 goblins (D:1)
  5 hobgoblins
  3 jackals (D:2)
  21 kobolds
  3 quokkas
  3 frilled lizards
  6 rats
179 creatures vanquished.

Table legend:
 A = Non-vault XP
 B = Vault XP
 C = Vault XP percentage of total XP
 D = Non-vault monster count
 E = Vault monster count
 F = Vault count percentage of total count
                 A         B        C        D         E       F
            +---------+---------+-------+---------+---------+-------
      Total |    6196 |    1487 |  19.4 |     161 |      18 |  10.1
            +---------+---------+-------+---------+---------+-------
        D:1 |      58 |       0 |   0.0 |      28 |       0 |   0.0
        D:2 |     108 |       0 |   0.0 |      22 |       0 |   0.0
        D:3 |      10 |     223 |  95.7 |       5 |       1 |  16.7
        D:4 |      12 |       0 |   0.0 |       5 |       0 |   0.0
        D:5 |     667 |     380 |  36.3 |      20 |       7 |  25.9
        D:6 |    1131 |       2 |   0.2 |       8 |       1 |  11.1
        D:8 |    2050 |       0 |   0.0 |      42 |       0 |   0.0
        D:9 |    2160 |     882 |  29.0 |      31 |       9 |  22.5
            +---------+---------+-------+---------+---------+-------

Illustrated notes

Table legend:
 A = Kills in this place as a percentage of kills in entire the game.
 B = Kills by you in this place as a percentage of kills by you in the entire game.
 C = Kills by friends in this place as a percentage of kills by friends in the entire game.
 D = Other kills in this place as a percentage of other kills in the entire game.
 E = Experience gained in this place as a percentage of experience gained in the entire game.
 F = Experience gained in this place divided by the number of levels of this place that you have seen.
                   A       B       C       D       E      F
               +-------+-------+-------+-------+-------+----------------------
         Total | 100.0 | 100.0 |   N/A |   N/A | 100.0 | 960.4
       Dungeon | 100.0 | 100.0 |   N/A |   N/A | 100.0 | 960.4
               +-------+-------+-------+-------+-------+----------------------

Table legend: (Time is in decaauts)
 A = Elapsed time spent in this place.
 B = Non-inter-level travel time spent in this place.
 C = Inter-level travel time spent in this place.
 D = Time resting spent in this place.
 E = Time spent auto-exploring this place.
 F = Levels seen in this place.
 G = Mean time per level.
                   A        B        C        D        E       F      G
               +--------+--------+--------+--------+--------+-----+--------+
         Total |   6732 |   6524 |    208 |    326 |   4011 |   8 |  841.5 |
       Dungeon |   6732 |   6524 |    208 |    326 |   4011 |   8 |  841.5 |
               +--------+--------+--------+--------+--------+-----+--------+

Top non-repeatable levels by time:
     D:5: 1132 daAuts
     D:9: 1049 daAuts
     D:2: 958 daAuts
     D:1: 915 daAuts
     D:8: 846 daAuts
     D:3: 717 daAuts
     D:6: 603 daAuts
     D:4: 508 daAuts
